 Dungeon Crawl Stone Soup version 0.26.1-11-gd32895ea62 (webtiles) character file.

Game seed: 15674534276596143630

17913 buriedalive the Spry (level 12, -10/57 HPs)
             Began as a Deep Elf Ice Elementalist on June 2, 2021.
             Was a Follower of Ashenzari.
             Killed by divine providence
             ... invoked by a daeva
              (11 damage)
             ... on level 3 of the Abyss.
             The game lasted 00:42:12 (15860 turns).

buriedalive the Spry (Deep Elf Ice Elementalist)   Turns: 15860, Time: 00:42:14

Health: -10/57     AC: 10    Str:  5      XL:     12   Next: 23%
Magic:  13/13      EV: 21    Int: 19 (22) God:    Ashenzari [*.....]
Gold:   356        SH:  0    Dex: 14 (17) Spells: 4/17 levels left

rFire    . . .     SeeInvis .   b - +3 long sword (elec) (curse)
rCold    . . .     Faith    .   (no shield)
rNeg     . . .     Spirit   .   c - +0 leather armour of Zigal {Slay+6}
rPois    +         Reflect  .   (no helmet)
rElec    .         Harm     .   s - +1 cloak {rPois}
rCorr    .         Rampage  .   e - +2 pair of gloves
Will     ++...     Rnd*Rage +   t - +1 pair of boots
Stlth    +.........             G - amulet of regeneration
HPRegen  0.59/turn              g - ring of willpower
MPRegen  0.13/turn              a - +6 ring of dexterity

@: liquid flames, hasted, glowing, very quick
A: talons 1, [berserk 3], [blurry vision 2], [clumsy 2], [deterioration 2],
[dopey 2], [frail 3], [low mp 3], robust 1, [screaming 2], [no potion heal 2],
[subdued magic 3], MP-powered wands
a: Renounce Religion, Curse Item, Scrying


You were on level 3 of the Abyss.
You worshipped Ashenzari.
Ashenzari was aware of your devotion.
You visited 2 branches of the dungeon, and saw 12 of its levels.
You visited the Abyss 1 time.
You also visited: Ossuary.

You collected 706 gold pieces.
You spent 350 gold pieces at shops.

Inventory:

Hand Weapons
 b - a cursed +3 long sword of electrocution (weapon)
Missiles
 d - 4 throwing nets
 l - 68 poisoned darts (quivered)
 m - 290 stones
Armour
 c - the +0 leather armour of Zigal (worn) {Slay+6}
   (You found it on level 7 of the Dungeon)

   It affects your accuracy and damage with ranged weapons and melee attacks
   (+6).
 e - a +2 pair of gloves (worn)
 k - a +2 robe of resistance
 s - a +1 cloak of poison resistance (worn)
 t - a +1 pair of boots (worn)
 F - a +1 robe of the Archmagi
Jewellery
 a - a +6 ring of dexterity (right hand)
 g - a ring of willpower (left hand)
 q - an uncursed amulet of the acrobat
 r - an uncursed amulet of faith
 v - an uncursed ring of positive energy
 z - an uncursed amulet of reflection
 G - an amulet of regeneration (around neck)
Wands
 n - a wand of flame (33)
 p - a wand of iceblast (1)
 A - a wand of disintegration (19)
 D - a wand of paralysis (17)
 E - a wand of digging (6)
Scrolls
 i - 9 scrolls of teleportation
 j - a scroll of remove curse
 y - 2 scrolls of magic mapping
 B - 2 scrolls of blinking
Potions
 f - 9 potions of curing
 h - a potion of brilliance
 o - a potion of lignification
 u - 4 potions of attraction
 w - 2 potions of flight
 x - a potion of cancellation
 C - a potion of haste


   Skills:
 + Level 7.0 Fighting
 + Level 15.7 Dodging
 - Level 2.4 Stealth
 - Level 3.0 Spellcasting
 + Level 6.0 Conjurations
 - Level 6.0 Summonings
 - Level 11.1 Ice Magic


You had 4 spell levels left.
You knew the following spells:

 Your Spells              Type           Power        Failure   Level
a - Freeze                Ice            92%          1%          1
b - Frozen Ramparts       Ice            46%          1%          3
c - Ozocubu's Armour      Ice            23%          1%          3
d - Summon Ice Beast      Ice/Summ       18%          3%          4
e - Searing Ray           Conj           26%          1%          2

Your spell library contained the following spells:

 Spells                   Type           Power        Failure   Level
 Magic Dart               Conj           52%          1%          1
 Summon Small Mammal      Summ           52%          1%          1
 Foxfire                  Conj/Fire      28%          3%          1
 Hailstorm                Conj/Ice       18%          3%          4
 Dazzling Flash           Conj/Hex       14%          13%         3
 Stone Arrow              Conj/Erth      14%          13%         3
 Apportation              Tloc           2%           16%         1
 Beastly Appendage        Tmut           2%           16%         1
 Sandblast                Erth           2%           16%         1
 Ice Form                 Ice/Tmut       12%          16%         4
 Corpse Rot               Necr/Air       N/A          24%         2
 Passwall                 Tmut/Erth      0%           24%         2
 Wereblood                Tmut           1%           24%         2
 Lesser Beckoning         Tloc           0%           45%         3
 Spider Form              Tmut/Pois      0%           45%         3
 Vampiric Draining        Necr           0%           45%         3
 Fulminant Prism          Conj/Hex       3%           45%         4
 Iskenderun's Mystic Bla  Conj/Tloc      7%           45%         4
 Dispel Undead            Necr           1%           88%         4
 Petrify                  Tmut/Erth      1%           88%         4
 Bolt of Magma            Conj/Fire/Erth 2%           93%         5
 Simulacrum               Ice/Necr       6%           97%         6
 Alistair's Intoxication  Tmut/Pois      0%           99%         5
 Blade Hands              Tmut           0%           99%         5
 Excruciating Wounds      Necr           0%           99%         5
 Lee's Rapid Deconstruct  Erth           0%           99%         5
 Dispersal                Tloc           0%           100%        6
 Starburst                Conj/Fire      3%           100%        6
 Ignition                 Fire           0%           100%        8
 Dragon's Call            Summ           6%           100%        9


Dungeon Overview and Level Annotations

Branches:
Dungeon (11/15)            Temple (1/1) D:5             Orc (0/2) D:10
Ossuary (visited)
   Lair: D:8-11

Altars:
Ashenzari
Cheibriados
Dithmenos
Elyvilon
Fedhas
Gozag
Hepliaklqana
Kikubaaqudgha
Makhleb
Nemelex Xobeh
Okawaru
Qazlal
Ru
Sif Muna
Trog
Uskayaw
Vehumet
Wu Jian
Xom
Yredelemnul
Zin
The Shining One

Shops:
D:4 *   D:8 :


Innate Abilities, Weirdness & Mutations

You have sharp toenails.
You are robust. (+10% HP)
You expend magic power (3 MP) to strengthen your wands.
[You have an uncontrollable temper.]
[Scrolls take you longer to read.]
[You are very clumsy. (Dex -4)]
[Your body often deteriorates upon taking damage.]
[You are very dopey. (Int -4)]
[You are extremely frail. (-30% HP)]
[Your magical capacity is extremely low. (-30% MP)]
[You sometimes yell uncontrollably at your foes.]
[Potions are poor at restoring your health.]
[Your spells are much easier to cast, but much less powerful.]


Message History

The sixfirhy shocks you!
* * * LOW HITPOINT WARNING * * *
Your body deteriorates!
You feel dopey. The sixfirhy closely misses you.
A daeva comes into view.
It is wielding a +2 scimitar of holy wrath.
You are covered in liquid flames!
* * * LOW HITPOINT WARNING * * *
The daeva shouts!
Unknown command.
You are covered in liquid flames!
* * * LOW HITPOINT WARNING * * *
Unknown command.
Your system partially rejects the healing.
You feel better.
You are covered in liquid flames!
* * * LOW HITPOINT WARNING * * *
The thrashing horror roars!
The daeva calls down the wrath of the Shining One upon you.
The Shining One smites you!
You die...

.##. #...# #. .....
....# A.. .. ....
.... #..# #.. #..
#.. ....#
#..##..##.# ##...#
..........# .....
..........##..##.#
.....X..3.@....#
#..##..###.#..##
##..##..####.#....
..........# ....#..
.......3...###...#.
##..##..###..#####
##.##..##.###
#...XX..#.# #
#...X.. .ยง .


You could see a daeva, a thrashing horror and a sixfirhy.

Vanquished Creatures
  A deep elf sorcerer (D:11)
  Harold (D:8)
  2 two-headed ogres (D:11)
  A vampire mage (D:11)
  7 deep elf magi
  2 orc sorcerers (D:11)
  A cyclops (D:8)
  2 ugly things (D:11)
  3 naga magi (D:11)
  A troll (D:10)
  Sigmund (D:3)
  A wraith (D:11)
  7 yaks
  2 wyverns
  Menkaure (D:7)
  3 water moccasins
  A floating eye (shapeshifter) (D:7)
  2 black bears
  A hornet zombie (D:11)
  An orc warrior (D:10)
  3 ice beasts
  A sky beast (D:10)
  6 ogres
  2 phantoms
  5 centaurs
  8 big kobolds
  6 bullfrogs
  2 gnoll sergeants (D:10)
  A wyvern skeleton (D:9)
  2 water moccasin zombies (Ossuary)
  2 scorpions
  A water moccasin skeleton (D:7)
  17 killer bees
  8 wights
  3 howler monkeys
  A bullfrog zombie (D:11)
  2 jellies
  2 centaur zombies
  5 hounds
  A bullfrog skeleton (D:6)
  2 orc priests
  11 orc wizards
  Crazy Yiuf (D:2)
  A centaur skeleton (D:9)
  2 iguanas
  Ijyb (D:5)
  7 worker ants
  A killer bee zombie (D:7)
  2 big kobold zombies (Ossuary)
  A hound skeleton (D:6)
  2 mummies (Ossuary)
  A worker ant zombie (D:7)
  9 gnolls
  12 adders
  2 river rats (D:11)
  3 shadow imps
  3 white imps
  3 ufetubi
  An ooze (D:2)
  9 adder zombies
  A worm (D:3)
  3 dart slugs
  8 leopard geckos
  32 orcs
  5 giant cockroaches
  4 gnoll zombies (Ossuary)
  13 goblins
  5 hobgoblins
  10 jackals
  5 kobolds
  4 quokkas
  4 bats
  4 frilled lizards
  5 hobgoblin zombies (Ossuary)
  A jackal zombie (D:6)
  2 kobold zombies (Ossuary)
  4 orc zombies (Ossuary)
  3 quokka skeletons
  6 rats
312 creatures vanquished.

Vanquished Creatures (collateral kills)
  A nameless horror (D:11)
1 creature vanquished.

Vanquished Creatures (others)
  A death yak (D:11)
  A yak (D:11)
  An orc priest (D:11)
  An orc wizard (D:8)
  2 worker ants (D:11)
  An orc (D:11)
7 creatures vanquished.

Grand Total: 320 creatures vanquished

Notes
Turn   | Place    | Note
-------+----------+-------------------------------------------
     0 | D:1      | buriedalive the Deep Elf Ice Elementalist began the quest
                  | for the Orb.
     0 | D:1      | Reached XP level 1. HP: 10/10 MP: 6/6
   294 | D:1      | Reached skill level 3 in Dodging
   294 | D:1      | Reached XP level 2. HP: 15/15 MP: 6/8
  1119 | D:2      | Reached skill level 5 in Ice Magic
  1119 | D:2      | Reached XP level 3. HP: 4/19 MP: 5/9
  1468 | D:2      | Found a runed translucent door.
  1469 | D:2      | Noticed Crazy Yiuf
  1656 | D:2      | Learned a level 3 spell: Frozen Ramparts
  1663 | D:2      | Learned a level 3 spell: Ozocubu's Armour
  1824 | D:2      | Reached skill level 4 in Dodging
  2442 | D:2      | Reached XP level 4. HP: 13/24 MP: 6/10
  2798 | D:2      | Found a glowing golden altar of the Shining One.
  2867 | D:2      | Killed Crazy Yiuf
  3276 | D:3      | Noticed Sigmund
  3285 | D:3      | Killed Sigmund
  3286 | D:3      | Reached skill level 5 in Dodging
  3286 | D:3      | Reached XP level 5. HP: 28/28 MP: 3/11
  3286 | D:3      | Reached XP level 6. HP: 32/32 MP: 3/12
  4078 | D:3      | Reached skill level 6 in Dodging
  5118 | D:4      | Reached XP level 7. HP: 36/36 MP: 13/13
  5189 | D:4      | Found a sand-covered staircase.
  5195 | Ossuary  | Entered an ossuary
  5223 | Ossuary  | Reached skill level 7 in Dodging
  5881 | D:4      | Found Zac Gavem's Serpentskin Sales.
  6189 | D:5      | Entered Level 5 of the Dungeon
  6359 | D:5      | Reached skill level 8 in Dodging
  6624 | D:5      | Reached XP level 8. HP: 22/41 MP: 8/14
  6771 | D:5      | Noticed Ijyb
  6779 | D:5      | Killed Ijyb
  6809 | D:5      | Found a staircase to the Ecumenical Temple.
  6820 | D:5      | HP: 1/41 [ogre/+0 giant club (17)]
  6954 | Temple   | Entered the Ecumenical Temple
  7550 | D:5      | Reached skill level 9 in Dodging
  8799 | D:6      | Reached skill level 10 in Dodging
  8799 | D:6      | Reached skill level 10 in Ice Magic
  9058 | D:7      | Got a glimmering leather armour
  9070 | D:7      | Identified the +0 leather armour of Zigal {Slay+6} (You
                  | found it on level 7 of the Dungeon)
  9079 | D:7      | Noticed Menkaure
  9086 | D:7      | Killed Menkaure
  9087 | D:7      | Reached XP level 9. HP: 45/45 MP: 15/15
  9248 | D:7      | Noticed a glowing shapeshifter
  9248 | D:7      | an adder changed into a glowing shapeshifter
  9248 | D:7      | Noticed a faun
  9248 | D:7      | a glowing shapeshifter changed into a faun
  9249 | D:7      | a faun changed into a floating eye
  9347 | D:7      | Found an opulent altar of Gozag.
  9429 | D:7      | Reached skill level 11 in Dodging
 10095 | D:8      | Found Bonet's Book Shoppe.
 10121 | D:8      | Bought a book of Geomancy for 350 gold pieces
 10163 | D:8      | Learned a level 4 spell: Summon Ice Beast
 10200 | D:8      | Noticed Harold
 10201 | D:8      | Noticed a cyclops
 10214 | D:8      | Killed a cyclops
 10223 | D:8      | Killed Harold
 10224 | D:8      | Reached skill level 12 in Dodging
 10224 | D:8      | Reached XP level 10. HP: 21/50 MP: 0/16
 10799 | D:8      | Reached skill level 5 in Summonings
 11040 | D:8      | Found a shimmering blue altar of Sif Muna.
 11766 | D:9      | Reached skill level 13 in Dodging
 11767 | D:9      | Reached skill level 1 in Fighting
 11934 | D:9      | Found an ornate altar of the Wu Jian Council.
 11937 | D:9      | Found a snail-covered altar of Cheibriados.
 11940 | D:9      | Found a broken altar of Ashenzari.
 11944 | D:9      | Became a worshipper of Ashenzari the Shackled
 11962 | D:9      | Found a glowing silver altar of Zin.
 12565 | D:10     | Entered Level 10 of the Dungeon
 12766 | D:10     | Gained mutation: You expend magic power (3 MP) to
                  | strengthen your wands. [potion of mutation]
 12766 | D:10     | Gained mutation: You have sharp toenails. [potion of
                  | mutation]
 12766 | D:10     | Gained mutation: You are robust. (+10% HP) [potion of
                  | mutation]
 13257 | D:10     | Found a staircase to the Orcish Mines.
 13273 | D:10     | Reached XP level 11. HP: 62/66 MP: 12/17
 13286 | D:10     | Reached skill level 14 in Dodging
 13709 | D:11     | Noticed a red ugly thing
 13725 | D:11     | Killed a red ugly thing
 13922 | D:11     | Noticed a deep elf mage
 13929 | D:11     | Killed a deep elf mage
 13930 | D:11     | Reached skill level 5 in Fighting
 14126 | D:11     | Noticed a purple ugly thing
 14135 | D:11     | Killed a purple ugly thing
 14239 | D:11     | Learned a level 2 spell: Searing Ray
 14386 | D:11     | Noticed a death yak
 14389 | D:11     | Noticed an orb spider
 14480 | D:11     | Noticed a deep elf mage
 14493 | D:11     | Reached skill level 1 in Conjurations
 14494 | D:11     | Noticed a vampire mage
 14495 | D:11     | Killed a deep elf mage
 14519 | D:11     | Killed a vampire mage
 14646 | D:11     | Identified the Papyrus of the Rocks and Translocation
 14657 | D:11     | Identified the Almanac of Shifting Sinister Rites
 14670 | D:11     | Noticed a deep elf mage
 14671 | D:11     | Noticed a vampire mage
 14681 | D:11     | Killed a deep elf mage
 14682 | D:11     | Reached skill level 15 in Dodging
 14690 | D:11     | Noticed a deep elf mage
 14690 | D:11     | Noticed a deep elf mage
 14690 | D:11     | Noticed an orc sorcerer
 14695 | D:11     | Found a shimmering altar of Xom.
 14935 | D:11     | Noticed a two-headed ogre
 14937 | D:11     | Noticed a bunyip
 14949 | D:11     | Killed a two-headed ogre
 15073 | D:11     | Noticed a death yak
 15125 | D:11     | Noticed a two-headed ogre
 15127 | D:11     | Noticed a two-headed ogre
 15159 | D:11     | Killed a death yak
 15167 | D:11     | Killed a two-headed ogre
 15259 | D:10     | Killed a deep elf mage
 15367 | D:11     | Identified the Disquisition on Companions and Heat
 15394 | D:11     | Found a shimmering blue altar of Sif Muna.
 15394 | D:11     | Noticed a deep elf mage
 15399 | D:11     | Noticed an orc sorcerer
 15424 | D:11     | Killed a deep elf mage
 15478 | D:11     | Killed an orc sorcerer
 15479 | D:11     | Reached skill level 5 in Conjurations
 15479 | D:11     | Reached XP level 12. HP: 58/78 MP: 12/18
 15612 | D:11     | Noticed a deep elf sorcerer
 15614 | D:11     | Noticed a deep elf sorcerer
 15637 | D:11     | Killed a deep elf sorcerer
 15642 | D:11     | Cast into level 3 of the Abyss (a deep elf sorcerer)
 15679 | Abyss:3  | Reached * piety under Ashenzari
 15722 | Abyss:3  | Found a corrupted altar of Lugonu.
 15772 | Abyss:3  | Found a corrupted altar of Lugonu.
 15821 | Abyss:3  | Noticed a starcursed mass
 15832 | Abyss:3  | Noticed a tentacled starspawn
 15847 | Abyss:3  | Noticed a starcursed mass
 15858 | Abyss:3  | Noticed a daeva
 15859 | Abyss:3  | HP: 2/57 [burnt (2)]
 15860 | Abyss:3  | Killed from afar by a daeva

Illustrated notes

Levels and vault maps discovered:
D:1:      psy_arrival_fountain, layout_basic
D:2:      layout_basic, lemuel_coloured_pillars_altar, uniq_crazy_yiuf_cottage
D:3:      layout_rooms, uniq_sigmund
D:4:      layout_loops_corners, nicolae_ossuary_entry_plus, guppyfry_shop_venom
D:5:      layout_basic, minmay_temple_entry_grid, uniq_ijyb
D:6:      layout_cave_pools, minmay_between
D:7:      layout_loops_cross, old_standard_altar, skrybe_limestone_x,
          uniq_menkaure
D:8:      layout_basic, serial_shops, shop, enter_bailey_7, led_sif_pool,
          uniq_harold
D:9:      layout_stronghold, grunt_temple_overflow_cloverleaf
D:10:     layout_gridville, kennysheep_orc_monster_closet_entryway,
          kennysheep_generic_room_5
D:11:     evilmike_library_of_no_secrets, layout_long_grid, dpeg_lair_monsters,
          serial_glass, glass_columns_b, glass_columns_a, xom_confusion_cloud
Temple:   eino_temple_rhombus
Abyss:3:  base: D:9, evilmike_abyss_exit_11, evilmike_abyss_exit_15,
          evilmike_abyss_exit_17, doesnt_abyss_rune_brain_food,
          evilmike_abyss_exit_12, hangedman_abyss_or_decor_passed,
          evilmike_abyss_exit_glass

Skill      XL: |  1  2  3  4  5  6  7  8  9 10 11 12 |
---------------+-------------------------------------+-----
Dodging        | 3 4 5 6 8 10 12 13 15 | 15.7
Ice Magic      | 5 6 7 8 10 11 | 11.1
Summonings     | 4 6 |  6.0
Fighting       | 3 6 7 |  7.0
Conjurations   | 5 6 |  6.0
Stealth        | |  2.4
Spellcasting   | |  3.0

Action                   |  1- 3 |  4- 6 |  7- 9 | 10-12 || total
-------------------------+-------+-------+-------+-------++-------
Melee: Unarmed           |    10 |       |       |       ||    10
       Dagger            |    35 |    49 |       |       ||    84
       Quarterstaff      |       |    38 |   323 |   228 ||   589
       Long sword        |       |       |       |    14 ||    14
Throw: Dart              |     4 |       |     2 |     1 ||     7
 Cast: Freeze            |    28 |    22 |    15 |    26 ||    91
       Frozen Ramparts   |     2 |    14 |    19 |    37 ||    72
       Ozocubu's Armour  |       |     1 |     6 |    25 ||    32
       Summon Ice Beast  |       |       |       |     6 ||     6
Invok: Curse Item        |       |       |       |     1 ||     1
Evoke: Wand              |       |       |     2 |     1 ||     3
  Use: Potion            |     1 |       |     2 |    11 ||    14
       Scroll            |       |     9 |    12 |     6 ||    27
 Stab: Sleeping          |       |     4 |     6 |     2 ||    12
       Paralysed         |       |       |    13 |       ||    13
Armor: Robe              |    14 |    26 |    54 |       ||    94
       Leather armour    |       |       |    24 |    99 ||   123
Dodge: Dodged            |    41 |    80 |   363 |   436 ||   920
       Rpst.: Long sword |       |       |       |     5 ||     5
